 Dungeon Crawl Stone Soup version 0.29.1-15-g9cfb28693d (webtiles) character file.

Game seed: 870193700321686777

33 domi the Digger (level 3, -1/26 HPs)
             Began as a Meteoran Earth Elementalist on Apr 1, 2023.
             Slain by an orc wizard
             ... wielding a +0 dagger
              (4 damage)
             ... on level 3 of the Dungeon.
             The game lasted 00:01:17 (182 turns).

domi the Digger (Meteoran Earth Elementalist)        Turns: 182, Time: 00:01:18

Health: -1/26      AC:  2    Str: 10    XL:     3   Next: 70%
Magic:  2/8        EV: 12    Int: 18    God:
Gold:   17         SH:  0    Dex: 14    Spells: 6/7 levels left

rFire   . . .      SeeInvis .   (no weapon)
rCold   . . .      Faith    .   (no shield)
rNeg    . . .      Spirit   .   a - +0 robe
rPois   .          Reflect  .   (no helmet)
rElec   .          Harm     .   (no cloak)
rCorr   .          Rampage  .   (no gloves)
Will    .....                   (no boots)
Stlth   +.........              (no amulet)
HPRegen 0.08/turn               (no ring)
MPRegen 0.11/turn               (no ring)

@: glowing
A: sense surroundings 1, otherworldly, glowing, explore regen
a: no special abilities


You were on level 3 of the Dungeon.
You visited 1 branch of the dungeon, and saw 3 of its levels.

You collected 17 gold pieces.

Inventory:

Armour
 a - a +0 robe (worn)
Potions
 b - a potion of magic
 c - a potion of curing {unknown}
 d - a potion of degeneration {unknown}


   Skills:
 - Level 2.4 Dodging
 - Level 1.4 Stealth
 - Level 2.6 Spellcasting
 + Level 1.9 Transmutations
 - Level 5.0 Earth Magic


You had 6 spell levels left.
You knew the following spells:

 Your Spells              Type           Power      Damage    Failure   Level
z - Sandblast             Erth           40%        2d10      2%          1

Your spell library contained the following spells:

 Spells                   Type           Power      Damage    Failure   Level
 Passwall                 Tmut/Erth      11%        N/A       6%          2
 Stone Arrow              Conj/Erth      22%        3d8       19%         3
 Petrify                  Tmut/Erth      14%        N/A       38%         4


Dungeon Overview and Level Annotations

Branches:
Dungeon (3/15) Zot: 1611

Altars:


Innate Abilities, Weirdness & Mutations

You passively map a small area around you.
You are easily found by Zot.
You glow in the dark.
You regain HP and MP as you explore.


Message History

Welcome, domi the Meteoran Earth Elementalist.
They say the Orb of Zot lies within this dungeon, but they say a lot of things.
Found a staircase leading out of the dungeon.
Lua error: attempt to yield across metamethod/C-call boundary You open the door.
There is an open door here.
c - a lumpy white potion
Found a stone staircase leading down.
A ball python comes into view.
The ball python hisses angrily.
You see here 9 gold pieces.
You now have 9 gold pieces.
Aim: a ball python (80% to hit)
The blast of sand hits the ball python.
You kill the ball python!
There is a stone staircase leading down here.
You climb downwards.
Found an escape hatch in the ceiling.
There is a stone staircase leading up here.
The ball python hisses angrily.
Aim: a ball python (80% to hit)
The blast of sand hits the ball python!
You kill the ball python!
A jackal comes into view.
The jackal moves out of view.
An endoplasm comes into view.
The endoplasm quivers.
Aim: an endoplasm (98% to hit)
The blast of sand hits the endoplasm!
You kill the endoplasm!
The jackal barks!
Aim: a jackal (77% to hit)
The blast of sand misses the jackal.
The jackal barely misses you. The jackal misses you.
Aim: a jackal (77% to hit)
The blast of sand hits the jackal.
The jackal misses you. x2
Aim: a jackal (severely wounded, 77% to hit)
The blast of sand hits the jackal!
You kill the jackal!
Your Earth Magic skill increases to level 4!
You have reached level 2!
Found a stone staircase leading down.
An endoplasm comes into view.
Aim: an endoplasm (asleep, 100% to hit)
The blast of sand hits the endoplasm!
You kill the endoplasm!
You now have 17 gold pieces (gained 8).
d - a fuming red potion A kobold comes into view.
It is wielding a +0 short sword.
The kobold shouts!
The kobold moves out of view.
The kobold hits you with a +0 short sword.
Aim: a kobold, wielding a +0 short sword and quivering stones (77% to hit)
The blast of sand hits the kobold!
You kill the kobold!
There is a stone staircase leading down here.
You climb downwards.
There is a stone staircase leading up here.
Jessica the Apprentice Sorceress comes into view.
She is wielding a +4 spectral club.
Jessica shouts!
An orc wizard comes into view. It is wielding a +0 dagger.
An orc comes into view. It is wielding a +0 dagger.
An orc comes into view. It is wielding a +0 dagger.
The orc shouts!
The orc wizard shouts!
Aim: Jessica, wielding a +4 spectral club and wearing a +0 robe (82% to hit)
The blast of sand hits Jessica!
You kill Jessica!
The orc wizard gestures at you while chanting.
The puff of flame hits you.
Training target 5.0 for Earth Magic reached!
Your Earth Magic skill increases to level 5!
You need to enable at least one skill for training.
You have reached level 3!
Your experience leads to an increase in your attributes!
Increase (s)trength, (i)ntelligence, or (d)exterity?
You feel clever. x2; You feel stronger.
Aim: an orc, wielding a +0 dagger and wearing a +0 ring mail (85% to hit)
The blast of sand misses the orc.
An orc comes into view. It is wielding a +0 scimitar.
Aim: an orc, wielding a +0 dagger and wearing a +0 ring mail (85% to hit)
The blast of sand hits the orc but does no damage.
The orc shouts!
Aim: an orc, wielding a +0 dagger and wearing a +0 ring mail (85% to hit)
The blast of sand hits the orc.
The orc hits you with a +0 dagger. The orc barely misses you.
Aim: an orc, wielding a +0 dagger and wearing a +0 ring mail (almost dead, 85% to hit)
The blast of sand hits the orc but does no damage.
The orc wizard mumbles some strange words.
The orc wizard flickers and vanishes!
Deactivating autopickup; reactivate with Ctrl-A.
Aim: an orc, wielding a +0 dagger and wearing a +0 ring mail (almost dead, 85% to hit)
The blast of sand misses the orc.
Something hits you. The orc hits you with a +0 dagger.
The orc hits you with a +0 scimitar!
* * * LOW HITPOINT WARNING * * *
Something hits you but does no damage. The orc hits you but does no damage.
Unknown command.
Something barely misses you. Something hits you.
You die...

#* ... *
.....############
* * ,
...)..o.@<.......
*
.....#o.o..######
* ... #.....# *
#* #......#
#..)...# #......#
* ###.##.# #.# .#
, *


You could see 3 orcs.

Vanquished Creatures
  Jessica (D:3)
  2 endoplasms (D:2)
  A jackal (D:2)
  A kobold (D:2)
  2 ball pythons
7 creatures vanquished.

Notes
Turn   | Place    | Note
-------+----------+-------------------------------------------
     0 | D:1      | domi the Meteoran Earth Elementalist began the quest for
                  | the Orb.
     0 | D:1      | Reached XP level 1. HP: 14/14 MP: 5/5
    68 | D:2      | Reached skill level 4 in Earth Magic
    68 | D:2      | Reached XP level 2. HP: 20/20 MP: 2/6
   173 | D:3      | Noticed Jessica
   175 | D:3      | Killed Jessica
   176 | D:3      | Reached skill level 5 in Earth Magic
   176 | D:3      | Reached XP level 3. HP: 19/26 MP: 6/8
   180 | D:3      | HP: 3/26 [orc/+0 scimitar (11)]
   182 | D:3      | Slain by an orc wizard

Illustrated notes

Levels and vault maps discovered:
D:1:      lightli_arrival_statuegarden, layout_basic,
          nicolae_ecumenical_snake_handling, chequers_serial_rivers_small_a
D:2:      layout_loops_ring
D:3:      cheibrodos_greedy_goblins, layout_loops_ring, serial_shops, shop,
          uniq_jessica, uniq_robin

Skill      XL: |  1  2 |
---------------+-------+-----
Earth Magic    | 4 5 |  5.0
Dodging        | |  2.4
Stealth        | |  1.4
Spellcasting   | |  2.6
Transmutations | |  1.9

Action                   || total
-------------------------++-------
 Cast: Sandblast         ||    14
Armor: Robe              ||     2
Dodge: Dodged            ||     6

Table legend: (Time is in decaauts)
 A = Elapsed time spent in this place.
 B = Non-inter-level travel time spent in this place.
 C = Inter-level travel time spent in this place.
 D = Time resting spent in this place.
 E = Time spent auto-exploring this place.
 F = Levels seen in this place.
 G = Mean time per level.
                   A        B        C        D        E       F      G
               +--------+--------+--------+--------+--------+-----+--------+
         Total |    188 |    182 |      6 |      0 |      0 |   3 |   62.7 |
       Dungeon |    188 |    182 |      6 |      0 |      0 |   3 |   62.7 |
               +--------+--------+--------+--------+--------+-----+--------+

Top non-repeatable levels by time:
     D:2: 133 daAuts
     D:1: 42 daAuts
     D:3: 12 daAuts

Table legend:
 A = Kills in this place as a percentage of kills in entire the game.
 B = Kills by you in this place as a percentage of kills by you in the entire game.
 C = Kills by friends in this place as a percentage of kills by friends in the entire game.
 D = Other kills in this place as a percentage of other kills in the entire game.
 E = Experience gained in this place as a percentage of experience gained in the entire game.
 F = Experience gained in this place divided by the number of levels of this place that you have seen.
                   A       B       C       D       E      F
               +-------+-------+-------+-------+-------+----------------------
         Total | 100.0 | 100.0 |   N/A |   N/A | 100.0 |  16.0
       Dungeon | 100.0 | 100.0 |   N/A |   N/A | 100.0 |  16.0
               +-------+-------+-------+-------+-------+----------------------
